[ AOE2 MATCH · #495891664 ]
UnrankedMongols vs Magyars
Player's team · WIN
Rival team · LOSS
[ REPLAY ANALYSIS · EXTRACTED FROM THE RECORDED GAME ]
Feudal
8:03
Castle
22:05
Imperial
—
| APM avg | 37.4 |
| APM peak | 77 |
| eAPM avg | 21.1 |
| Villagers / military | 70 / 118 |
Focus
⚔️ 23.2% · 🌾 76.8%
Camel Scout ×52 · Scout Cavalry ×49 · Steppe Lancer ×13 · Archer ×4
Feudal
11:11
Castle
22:19
Imperial
—
| APM avg | 51.3 |
| APM peak | 110 |
| eAPM avg | 23.8 |
| Villagers / military | 119 / 44 |
Focus
⚔️ 33.7% · 🌾 66.3%
Cavalry Archer ×36 · Spearman ×4 · Militia ×2 · Skirmisher ×2
Match map
Initial resources + every placement click. Lines = walls · curves = elevation contours. ◆ gold · ⬟ stone · ● berries · ✦ relic · ◌ wall gap
Your base· ✓ Closed at 22:05 · 31t walls · 1 gate(s)
ssindho's base· Open — unwalled flank
Smoothed initial terrain · ◌ = detected wall gap · hover for details
Inputs per minute
— ZRT Enox - - ssindho
Build order — ZRT Enox
First 150 of 233 actions detected
| 0:00 | Queue | Villager (Male) |
| 0:00 | Queue | Villager (Male) |
| 0:02 | Build | House |
| 0:03 | Build | House |
| 0:03 | Queue | Villager (Male) |
| 0:04 | Queue | Villager (Male) |
| 0:04 | Queue | Villager (Male) |
| 1:26 | Queue | Villager (Male) |
| 1:26 | Queue | Villager (Male) |
| 1:53 | Build | Lumber Camp |
| 1:57 | Queue | Villager (Male) |
| 1:57 | Queue | Villager (Male) |
| 2:13 | Queue | Villager (Male) |
| 2:14 | Queue | Villager (Male) |
| 2:43 | Queue | Villager (Male) |
| 2:43 | Queue | Villager (Male) |
| 2:58 | Queue | Villager (Male) |
| 2:58 | Queue | Villager (Male) |
| 3:41 | Queue | Villager (Male) |
| 3:48 | Build | House |
| 3:48 | Build | House |
| 4:07 | Queue | Villager (Male) |
| 4:07 | Queue | Villager (Male) |
| 4:12 | Queue | Villager (Male) |
| 4:12 | Queue | Villager (Male) |
| 4:33 | Queue | Villager (Male) |
| 4:45 | Queue | Villager (Male) |
| 4:45 | Queue | Villager (Male) |
| 4:46 | Queue | Villager (Male) |
| 4:53 | Build | Mill |
| 5:23 | Research | Loom |
| 5:53 | Research | Feudal Age |
| 6:22 | Queue | Villager (Male) |
| 6:22 | Queue | Villager (Male) |
| 7:22 | Build | Barracks |
| 7:32 | Build | House |
| 8:03 | Age | Feudal Age |
| 8:09 | Build | Stable |
| 8:20 | Research | Double-Bit Axe |
| 8:22 | Queue | Villager (Male) |
| 8:34 | Build | Mining Camp |
| 8:42 | Queue | Villager (Male) |
| 8:52 | Queue | Scout Cavalry |
| 8:52 | Queue | Scout Cavalry |
| 8:52 | Queue | Scout Cavalry |
| 9:19 | Queue | Villager (Male) |
| 9:25 | Research | Double-Bit Axe |
| 9:45 | Build | Archery Range |
| 9:53 | Queue | Scout Cavalry |
| 9:58 | Queue | Villager (Male) |
| 9:58 | Queue | Villager (Male) |
| 10:29 | Queue | Villager (Male) |
| 10:29 | Queue | Villager (Male) |
| 10:40 | Build | Mill |
| 10:58 | Build | Blacksmith |
| 11:00 | Build | House |
| 11:21 | Queue | Villager (Male) |
| 11:22 | Queue | Villager (Male) |
| 11:40 | Queue | Villager (Male) |
| 11:44 | Queue | Archer |
| 11:50 | Build | Farm |
| 12:18 | Queue | Villager (Male) |
| 12:20 | Queue | Archer |
| 12:45 | Queue | Villager (Male) |
| 12:48 | Queue | Archer |
| 12:51 | Build | Farm |
| 12:51 | Build | Farm |
| 12:51 | Build | Farm |
| 12:51 | Build | Farm |
| 12:52 | Build | Farm |
| 12:52 | Build | Farm |
| 13:13 | Queue | Archer |
| 13:41 | Research | Fletching |
| 14:01 | Queue | Villager (Male) |
| 14:10 | Queue | Villager (Male) |
| 14:15 | Build | House |
| 14:16 | Build | House |
| 14:16 | Build | House |
| 14:16 | Build | House |
| 14:16 | Build | House |
| 14:16 | Build | House |
| 14:16 | Build | House |
| 14:19 | Build | Palisade Wall |
| 14:21 | Build | Palisade Wall |
| 15:31 | Queue | Villager (Male) |
| 15:35 | Build | Farm |
| 15:38 | Research | Horse Collar |
| 15:45 | Build | Market |
| 15:53 | Queue | Villager (Male) |
| 16:06 | Queue | Villager (Male) |
| 16:15 | Build | Farm |
| 16:15 | Build | Farm |
| 16:15 | Build | Farm |
| 16:15 | Build | Farm |
| 16:15 | Build | Farm |
| 16:16 | Build | Farm |
| 16:16 | Build | Farm |
| 17:07 | Queue | Villager (Male) |
| 17:14 | Build | Farm |
| 17:15 | Build | Farm |
| 17:16 | Queue | Villager (Male) |
| 17:28 | Build | Palisade Wall |
| 18:07 | Queue | Villager (Male) |
| 18:11 | Build | Farm |
| 18:11 | Build | Farm |
| 18:37 | Build | House |
| 18:39 | Build | House |
| 18:41 | Build | House |
| 18:43 | Build | Palisade Wall |
| 19:00 | Queue | Villager (Male) |
| 19:01 | Research | Castle Age |
| 19:10 | Build | Stable |
| 19:12 | Build | Stable |
| 19:33 | Build | House |
| 19:35 | Build | House |
| 19:36 | Build | House |
| 19:38 | Build | House |
| 19:44 | Build | House |
| 19:46 | Build | House |
| 19:53 | Queue | Villager (Male) |
| 20:02 | Build | Palisade Wall |
| 20:12 | Build | Palisade Gate |
| 20:19 | Research | Bloodlines |
| 20:24 | Research | Forging |
| 20:26 | Research | Scale Barding Armor |
| 20:26 | Research | Scale Barding Armor |
| 20:36 | Research | Gold Mining |
| 21:07 | Build | Lumber Camp |
| 21:25 | Queue | Villager (Male) |
| 21:29 | Queue | Villager (Male) |
| 21:38 | Build | Farm |
| 22:05 | Age | Castle Age |
| 22:08 | Queue | Steppe Lancer |
| 22:09 | Queue | Steppe Lancer |
| 22:09 | Research | Husbandry |
| 22:11 | Research | Iron Casting |
| 22:11 | Research | Iron Casting |
| 22:43 | Queue | Steppe Lancer |
| 22:43 | Queue | Steppe Lancer |
| 22:51 | Queue | Steppe Lancer |
| 22:57 | Build | Farm |
| 23:30 | Queue | Steppe Lancer ×3 |
| 23:30 | Queue | Steppe Lancer ×3 |
| 23:37 | Queue | Villager (Male) |
| 23:37 | Queue | Villager (Male) |
| 23:43 | Build | Farm |
| 23:43 | Build | Farm |
| 23:48 | Build | Farm |
| 24:07 | Build | Farm |
| 24:07 | Queue | Villager (Male) |
Build order — ssindho
First 150 of 241 actions detected
| 0:01 | Queue | Villager (Male) |
| 0:02 | Queue | Villager (Male) |
| 0:02 | Queue | Villager (Male) |
| 0:03 | Build | House |
| 0:04 | Build | House |
| 0:13 | Queue | Villager (Male) |
| 1:10 | Queue | Villager (Male) |
| 1:10 | Queue | Villager (Male) |
| 1:49 | Queue | Villager (Male) |
| 2:13 | Build | Lumber Camp |
| 2:14 | Queue | Villager (Male) |
| 2:15 | Queue | Villager (Male) |
| 2:36 | Queue | Villager (Male) |
| 2:36 | Queue | Villager (Male) |
| 2:47 | Build | House |
| 3:01 | Queue | Villager (Male) |
| 3:02 | Queue | Villager (Male) |
| 3:26 | Queue | Villager (Male) |
| 3:50 | Queue | Villager (Male) |
| 3:50 | Queue | Villager (Male) |
| 4:10 | Queue | Villager (Male) |
| 4:10 | Queue | Villager (Male) |
| 4:23 | Queue | Villager (Male) |
| 4:23 | Queue | Villager (Male) |
| 5:10 | Queue | Villager (Male) |
| 5:11 | Queue | Villager (Male) |
| 5:20 | Queue | Villager (Male) |
| 5:20 | Queue | Villager (Male) |
| 5:38 | Build | Barracks |
| 5:40 | Build | House |
| 5:43 | Queue | Villager (Male) |
| 5:44 | Queue | Villager (Male) |
| 5:45 | Queue | Villager (Male) |
| 6:04 | Queue | Villager (Male) |
| 6:04 | Queue | Villager (Male) |
| 6:51 | Queue | Militia |
| 6:51 | Queue | Militia |
| 6:53 | Build | Mill |
| 6:54 | Research | Loom |
| 7:14 | Build | Mill |
| 7:25 | Build | House |
| 7:27 | Build | House |
| 7:40 | Queue | Villager (Male) |
| 7:40 | Queue | Villager (Male) |
| 9:01 | Research | Feudal Age |
| 9:02 | Research | Feudal Age |
| 9:28 | Build | Mill |
| 9:33 | Build | Mill |
| 10:01 | Queue | Villager (Male) |
| 10:01 | Queue | Villager (Male) |
| 11:05 | Build | Farm |
| 11:08 | Build | Farm |
| 11:11 | Age | Feudal Age |
| 11:17 | Build | Archery Range |
| 11:23 | Build | Archery Range |
| 11:24 | Queue | Spearman |
| 11:27 | Research | Horse Collar |
| 11:27 | Research | Double-Bit Axe |
| 11:32 | Queue | Villager (Male) |
| 11:32 | Queue | Villager (Male) |
| 11:36 | Build | Farm |
| 11:36 | Build | Farm |
| 11:36 | Build | Farm |
| 11:37 | Build | Farm |
| 11:58 | Queue | Villager (Male) |
| 11:58 | Queue | Villager (Male) |
| 12:04 | Queue | Spearman |
| 12:33 | Queue | Villager (Male) |
| 12:33 | Queue | Villager (Male) |
| 12:36 | Build | Farm |
| 12:51 | Build | Farm |
| 12:51 | Build | Farm |
| 12:51 | Build | Farm |
| 12:56 | Build | House |
| 13:05 | Queue | Spearman |
| 13:05 | Queue | Spearman |
| 13:15 | Queue | Villager (Male) |
| 13:15 | Queue | Villager (Male) |
| 13:48 | Queue | Villager (Male) |
| 13:54 | Build | Palisade Wall |
| 13:55 | Build | Palisade Wall |
| 13:56 | Build | Palisade Wall |
| 14:03 | Queue | Villager (Male) |
| 14:06 | Build | Farm |
| 14:06 | Build | Farm |
| 14:06 | Build | Farm |
| 14:07 | Queue | Villager (Male) |
| 14:07 | Queue | Villager (Male) |
| 14:37 | Build | Watch Tower |
| 14:49 | Build | House |
| 14:52 | Build | House |
| 14:54 | Build | Palisade Wall |
| 15:40 | Queue | Villager (Male) |
| 15:47 | Queue | Villager (Male) |
| 15:48 | Queue | Villager (Male) |
| 16:06 | Queue | Villager (Male) |
| 16:07 | Queue | Villager (Male) |
| 16:22 | Queue | Skirmisher |
| 16:22 | Queue | Skirmisher |
| 17:18 | Queue | Villager (Male) |
| 17:19 | Queue | Villager (Male) |
| 17:23 | Build | Market |
| 17:36 | Build | Mining Camp |
| 17:36 | Queue | Villager (Male) |
| 17:37 | Queue | Villager (Male) |
| 17:43 | Queue | Villager (Male) |
| 17:54 | Build | Farm |
| 17:54 | Build | Farm |
| 17:54 | Build | Farm |
| 17:55 | Build | Farm |
| 17:55 | Build | Farm |
| 17:56 | Queue | Villager (Male) |
| 17:56 | Queue | Villager (Male) |
| 18:12 | Queue | Villager (Male) |
| 18:12 | Queue | Villager (Male) |
| 18:39 | Queue | Villager (Male) |
| 18:43 | Build | Farm |
| 19:14 | Queue | Villager (Male) |
| 19:38 | Research | Castle Age |
| 19:38 | Research | Castle Age |
| 19:50 | Build | Palisade Wall |
| 19:59 | Build | Archery Range |
| 20:21 | Build | House |
| 20:37 | Build | Blacksmith |
| 20:45 | Queue | Villager (Male) |
| 20:49 | Build | House |
| 21:07 | Build | Farm |
| 21:09 | Build | Lumber Camp |
| 21:36 | Research | Fletching |
| 21:36 | Research | Padded Archer Armor |
| 21:52 | Build | Stable |
| 22:19 | Age | Castle Age |
| 22:22 | Research | Thumb Ring |
| 22:24 | Research | Bodkin Arrow |
| 22:29 | Queue | Cavalry Archer |
| 22:33 | Queue | Cavalry Archer |
| 22:38 | Queue | Villager (Male) |
| 22:38 | Queue | Villager (Male) |
| 22:47 | Research | Husbandry |
| 22:58 | Queue | Cavalry Archer |
| 22:58 | Queue | Cavalry Archer |
| 23:00 | Queue | Villager (Male) |
| 23:01 | Queue | Villager (Male) |
| 23:27 | Queue | Cavalry Archer |
| 23:29 | Queue | Villager (Male) |
| 23:41 | Queue | Villager (Male) |
| 23:42 | Queue | Villager (Male) |
| 23:42 | Queue | Villager (Male) |
| 23:51 | Queue | Villager (Male) |
| 23:51 | Queue | Villager (Male) |
Match timeline
| 5:38 | ssindho · first_building Barracks |
| 7:22 | ZRT Enox · first_building Barracks |
| 8:03 | ZRT Enox · age_up feudal |
| 8:09 | ZRT Enox · first_building Stable |
| 9:45 | ZRT Enox · first_building Archery Range |
| 11:11 | ssindho · age_up feudal |
| 11:17 | ssindho · first_building Archery Range |
| 13:54 | ssindho · wall_segment Palisade Wall x1 |
| 13:55 | ssindho · wall_segment Palisade Wall x1 |
| 13:56 | ssindho · wall_segment Palisade Wall x1 |
| 14:19 | ZRT Enox · wall_segment Palisade Wall x3 |
| 14:21 | ZRT Enox · wall_segment Palisade Wall x18 |
| 14:54 | ssindho · wall_segment Palisade Wall x2 |
| 17:28 | ZRT Enox · wall_segment Palisade Wall x8 |
| 18:27 | ssindho · first_market_sell 100 wood |
| 18:43 | ZRT Enox · wall_segment Palisade Wall x1 |
| 19:50 | ssindho · wall_segment Palisade Wall x1 |
| 20:02 | ZRT Enox · wall_segment Palisade Wall x1 |
| 20:33 | ZRT Enox · first_market_sell 100 stone |
| 20:33 | ZRT Enox · first_market_buy 100 wood |
| 21:52 | ssindho · first_building Stable |
| 22:05 | ZRT Enox · age_up castle |
| 22:19 | ssindho · age_up castle |
| 27:11 | ssindho · first_market_buy 100 wood |
| 32:31 | ZRT Enox · wall_segment Palisade Wall x2 |
| 33:38 | ssindho · resign |
[ AI ANALYSIS · 1 CREDIT ]
What really happened in this match?
Wolo.gg analyzes every decision: build order, eco, micro, common mistakes by bracket. Personalized analysis on WhatsApp or Discord in 30 seconds.
Civ guide
Mongols
Perfil
Jugador #2791076